AoeStats
← Boooonne Sawwww

Arabia

509471712Analyzed
1v1 RM · 7d ago on Sep 26, 2026· 45m 35s· 2 players
Game mode
Random Map
Map size
Tiny (2 player)
Population
200
Speed
Normal
Resources
Standard
Victory
Conquest
Starting age
Dark Age
Ending age
Imperial Age
RankedLock teamsTeams togetherTeam positionsShared explorationLock speedFull tech treeHidden civsTurbo modeCheats
Victory
Defeat
🇺🇸 Italians · United States
1142
+17
🇺🇸 Danes · United States
1158
-17
Boooonne Sawwww
6:37 Loom
9:43 Feudal Age
13:33 Double-Bit Axe
16:41 Fletching
18:31 Padded Archer Armor
23:56 Castle Age
24:31 Bloodlines
24:31 Scale Barding Armor
24:36 Forging
24:14 Crossbowman
24:52 Bodkin Arrow
25:52 Leather Archer Armor
28:35 Bloodlines
28:32 Husbandry
40:39 Imperial Age
39:06 Light Cavalry
41:01 Arbalester
41:56 Bracer
42:47 Wheelbarrow
42:02 Town Watch
43:51 Chemistry
44:40 Ring Archer Armor
44:16 Horse Collar
tennisshoesfan
6:58 Loom
9:14 Feudal Age
9:16 Man-at-Arms
14:52 Wheelbarrow
14:38 Fletching
15:57 Padded Archer Armor
23:03 Castle Age
23:50 Squires
23:28 Elite Skirmisher
24:22 Horse Collar
24:30 Double-Bit Axe
25:08 Scale Mail Armor
28:06 Ballistics
27:44 Bodkin Arrow
28:30 Town Watch
28:43 Gambesons
29:17 Chain Mail Armor
37:15 Leather Archer Armor
37:54 Arson
44:05 Forging
44:40 Hand Cart
Connection lost

Rejoining the realm…

Still unreachable

The connection could not be restored.

Session expired

The server has moved on; the page needs a fresh start.